 Dungeon Crawl Stone Soup version 0.17-a0-1849-g8a24fa2 (webtiles) character file.

5 Ololoev the Ducker (level 1, -12/11 HPs)
             Began as a Spriggan Abyssal Knight on Sept 18, 2015.
             Was a Follower of Lugonu.
             Mangled by a sixfirhy (13 damage)
             ... on level 1 of the Abyss.
             The game lasted 00:00:54 (145 turns).

Ololoev the Ducker (Spriggan Abyssal Knight)         Turns: 145, Time: 00:00:54

Health: -12/11     AC:  2    Str:  8    XL:     1   Next: 66%
Magic:  3/3        EV: 18    Int: 13    God:    Lugonu [*.....]
Gold:   0          SH:  0    Dex: 15    Spells: 0 memorised, 0 levels left

rFire  . . .     SeeInvis +     a - +1 spear
rCold  . . .     Clarity  .     b - +0 robe
rNeg   . . .     SustAt   .     (shield restricted)
rPois  .         Gourm    .     (helmet restricted)
rElec  .         Spirit   .     (no cloak)
rCorr  .         Warding  .     (gloves unavailable)
rMut   .         Stasis   .     (boots unavailable)
MR     .....                    (no amulet)
Stlth  +.........               (no ring)
                                (no ring)

@: very quick, not resistant to hostile enchantments, very unstealthy
A: unfitting armour, see invisible, herbivore 3, speed 3, slow metabolism 2
a: Depart the Abyss, Renounce Religion


Innate Abilities, Weirdness & Mutations

You are tiny and cannot use many weapons and most armour.
You have supernaturally acute eyesight.
You are a herbivore.
You cover ground extremely quickly.
You need consume almost no food.

Inventory:

Hand weapons
 a - a +1 spear (weapon)
Armour
 b - a +0 robe (worn)
Comestibles
 c - a bread ration


   Skills:
 - Level 2.4 Fighting
 * Level 1.6 Polearms
 + Level 3.8 Dodging
 - Level 1.7 Invocations


You couldn't memorise any spells.
You didn't know any spells.


You were on level 1 of the Abyss.
You worshipped Lugonu.
Lugonu was aware of your devotion.
You were not hungry.

You visited 0 branches of the dungeon, and saw 0 of its levels.
You visited the Abyss 1 time.

..xE
.................#. ##.
#....................
E. .. .#.X≈≈.#.
........ ....
..#≈≈.≈≈###...#.)..
.##..≈§.#≈≈x≈.#≈......#
. ..#.......§.≈≈.....##
# .#........≈x≈.W≈.#.#
##.##...###..≈#4≈≈..#
#. .....#...≈@≈.≈#.# ..
.......≈≈...#.#
..#.....#..# #
###...###... ....# #.##
.#.#. #.# # .#.. ##
#..##

Notes
Turn   | Place    | Note
--------------------------------------------------------------
     0 | Abyss:1  | Ololoev the Spriggan Abyssal Knight began the quest for the Orb.
     0 | Abyss:1  | Reached XP level 1. HP: 11/11 MP: 3/3
    40 | Abyss:1  | Noticed a ynoxinul
    79 | Abyss:1  | Noticed a small abomination
    85 | Abyss:1  | Noticed a small abomination
    85 | Abyss:1  | Noticed a tentacled starspawn
    94 | Abyss:1  | Noticed an ancient lich
   111 | Abyss:1  | Noticed an earth elemental
   118 | Abyss:1  | Noticed a starcursed mass
   121 | Abyss:1  | Noticed a starcursed mass
   132 | Abyss:1  | Noticed a sixfirhy
   135 | Abyss:1  | Noticed a freezing wraith
   137 | Abyss:1  | Noticed a small abomination
   145 | Abyss:1  | Mangled by a sixfirhy

Dungeon Overview and Level Annotations

Branches:
Dungeon (0/15)

Altars:


Message History

No target in view!
A small abomination comes into view.
The small abomination moves out of view.
A tentacled starspawn and a small abomination come into view.
Tentacles burst from the starspawn's body!
An ancient lich comes into view.
The ancient lich shouts!
The ynoxinul bellows!
Found 5 gold pieces.
An earth elemental comes into view.
The earth elemental moves out of view.
You aren't carrying any spellbooks or scrolls.
You aren't carrying any potions.
A starcursed mass comes into view.
A starcursed mass comes into view.
A starcursed mass splits. x2
Found a robe.
A starcursed mass splits.
A sixfirhy comes into view.
A freezing wraith comes into view.
The sixfirhy barely misses you.
The freezing wraith moves out of view.
Found a spear.
The sixfirhy closely misses you.
A small abomination comes into view.
You enter the shallow water.
Moving in this stuff is going to be slow.
The sixfirhy hits you. The sixfirhy shocks you!
Ouch! That really hurt!
Unknown command.
Unknown command.
Unknown command.
The sixfirhy completely misses you.
You hit the sixfirhy but do no damage. You hit the sixfirhy.
The sixfirhy is lightly wounded.
You barely miss the sixfirhy.
The sixfirhy splashes around in the water. x2
The sixfirhy hits you!
Ouch! That really hurt!
You die...

You could see a starcursed mass, a freezing wraith, a sixfirhy and 2 small abominations.

Vanquished Creatures
  An ufetubus (Abyss:1)
1 creature vanquished.

Vanquished Creatures (others)
  2 starspawn tentacles (Abyss:1)
  10 starspawn tentacle segments (Abyss:1)
12 creatures vanquished.

Grand Total: 13 creatures vanquished

Action                   || total
-------------------------++-------
Melee: Spear             ||     8

Vault maps used:
